 Dungeon Crawl Stone Soup version 0.18-a0-1747-g18c4181 (webtiles) character file.

966 Ijustatesigmund the Fighter (level 8, -13/92 HPs)
             Began as an Ogre Hunter on Apr 12, 2016.
             Was an Initiate of Okawaru.
             Killed from afar by an electric eel (16 damage)
             ... with a bolt of electricity
             ... on level 6 of the Dungeon.
             The game lasted 00:15:42 (4951 turns).

Ijustatesigmund the Fighter (Ogre Hunter)           Turns: 4951, Time: 00:15:43

Health: -13/92     AC: 13    Str: 18    XL:     8   Next: 15%
Magic:  8/8        EV: 10    Int: 10    God:    Okawaru [......]
Gold:   264        SH:  0    Dex: 12    Spells: 0 memorised, 7 levels left

rFire  . . .     SeeInvis .     a - +0 flail (protect)
rCold  + . .     Gourm    .     b - +2 robe
rNeg   . . .     Faith    .     (no shield)
rPois  .         Spirit   .     (helmet restricted)
rElec  .         Dismiss  .     n - +2 cloak
rCorr  .         Reflect  .     (gloves unavailable)
SustAt .         Harm     +     (boots unavailable)
MR     .....                    z - amulet of harm
Stlth  ++........               r - ring of protection from cold
                                g - ring of stealth

@: drained, not resistant to hostile enchantments, unstealthy
A: unfitting armour, tough skin 1
a: Renounce Religion


You were on level 6 of the Dungeon.
You worshipped Okawaru.
Okawaru was noncommittal.
You were hungry.

You visited 1 branch of the dungeon, and saw 6 of its levels.

You collected 264 gold pieces.

Inventory:

Hand Weapons
 a - a +0 flail of protection (weapon)
Missiles
 d - 2 throwing nets (quivered)
Armour
 b - a +2 robe (worn)
 n - a +2 cloak (worn)
Jewellery
 g - a ring of stealth (left hand)
 r - a ring of protection from cold (right hand)
 z - an amulet of harm (around neck)
Wands
 t - a wand of teleportation (5/9)
 y - a wand of paralysis (4/24)
Scrolls
 c - a scroll of teleportation
 h - a scroll of fear
 o - 2 scrolls of remove curse
 q - a scroll of recharging
 B - a scroll of noise {unknown}
Potions
 e - 3 potions of curing
 j - 2 potions of resistance
 k - 2 potions of brilliance {unknown}
 l - a potion of mutation {unknown}
 m - a potion of degeneration {unknown}
 v - a potion of magic {unknown}
 x - 2 potions of lignification {unknown}
 A - a potion of haste {unknown}
Comestibles
 f - 7 bread rations
 s - 2 royal jellies
 w - a meat ration


   Skills:
 + Level 9.2(8.9) Fighting
 + Level 7.9(7.6) Maces & Flails
 - Level 4.0(3.7) Throwing
 - Level 1.7(1.5) Dodging
 - Level 0.7(0.4) Stealth


You had 7 spell levels left.
You didn't know any spells.

Dungeon Overview and Level Annotations

Branches:
Dungeon (6/15)
 Temple: D:4-7

Altars:
Okawaru
Sif Muna
Trog

Annotations:
D:4 Dowan, Eustachio


Innate Abilities, Weirdness & Mutations

You are too large for most types of armour.
You have tough skin (AC +1).


Message History

Aim: an electric eel (water)
You throw a throwing net.
The throwing net closely misses the electric eel.
You hear a splash.
The electric eel shoots out a bolt of lightning at you!
The bolt of electricity hits you! x2
The electric eel shoots out a bolt of lightning at you!
The bolt of electricity hits you! x2
The electric eel shoots out a bolt of lightning at you!
The bolt of electricity hits you!
The electric eel shoots out a bolt of lightning at you!
The bolt of electricity hits you!
* * * LOW HITPOINT WARNING * * *
The bolt of electricity hits you!
* * * LOW HITPOINT WARNING * * *
The electric eel shoots out a bolt of lightning at you!
The bolt of electricity hits you!
* * * LOW HITPOINT WARNING * * *
The bolt of electricity hits you!
You die...

.......# .##≈#((.≈≈≈≈≈#≈##W≈≈.
. .>.....#
.#..≈≈≈≈≈≈≈≈≈≈≈≈≈≈≈..
...##.###.#.#.≈≈≈≈≈≈≈≈≈≈≈≈(...
#..##...... ..≈#≈;≈≈≈≈#≈≈w≈..
##......# #.≈;≈≈≈#≈≈#≈≈..w
#.>....######...≈≈#≈≈≈≈.....
###..#......##....≈≈.†≈......
....##.#....#####....#######.
.##.##.....(....@.####
.............######
.............# ....).......##
............# ........#####
........# #########


You could see an electric eel.

Vanquished Creatures
  The ghost of grom234 the Shield-Bearer, an amateur HOFi (D:3)
  A black bear (D:6)
  2 giant frogs
  A scorpion (D:6)
  A howler monkey (D:6)
  2 electric eels (D:6)
  A giant frog zombie (D:3)
  2 orc priests (D:3)
  An orc wizard (D:6)
  A giant frog skeleton (D:4)
  4 worker ants
  4 adders
  A shadow imp (D:6)
  2 oozes
  An adder skeleton (D:4)
  3 worms
  13 dart slugs
  2 giant geckos
  17 orcs
  10 bats
  2 giant cockroaches
  10 goblins
  6 hobgoblins
  7 jackals
  4 quokkas
  A ball python (D:5)
  4 giant newts
  A jackal skeleton (D:4)
  7 kobolds
  A rat (D:3)
113 creatures vanquished.

Notes
Turn   | Place    | Note
--------------------------------------------------------------
     0 | D:1      | Ijustatesigmund the Ogre Hunter began the quest for the Orb.
     0 | D:1      | Reached XP level 1. HP: 22/22 MP: 1/1
    54 | D:1      | Reached skill level 3 in Fighting
   119 | D:1      | Reached XP level 2. HP: 18/31 MP: 2/2
   454 | D:1      | Reached skill level 4 in Fighting
   827 | D:2      | Reached skill level 1 in Maces & Flails
   839 | D:2      | Reached XP level 3. HP: 40/40 MP: 3/3
  1704 | D:2      | Reached skill level 5 in Fighting
  1712 | D:2      | Reached XP level 4. HP: 43/50 MP: 4/4
  2133 | D:3      | Noticed grom234's ghost (amateur HOFi)
  2196 | D:3      | Reached XP level 5. HP: 59/59 MP: 5/5
  2386 | D:3      | Killed grom234's ghost
  2386 | D:3      | Reached skill level 6 in Fighting
  2386 | D:3      | Reached XP level 6. HP: 48/68 MP: 6/6
  2619 | D:3      | Reached skill level 5 in Maces & Flails
  2801 | D:3      | Reached skill level 7 in Fighting
  2974 | D:4      | Noticed Eustachio
  3030 | D:4      | Noticed Dowan
  3169 | D:4      | Reached XP level 7. HP: 65/78 MP: 7/7
  3301 | D:5      | Entered Level 5 of the Dungeon
  3702 | D:5      | Found a bloodstained altar of Trog.
  3871 | D:5      | Found a deep blue altar of Sif Muna.
  4185 | D:5      | Reached skill level 8 in Fighting
  4470 | D:6      | Found an iron altar of Okawaru.
  4503 | D:6      | Became a worshipper of Warmaster Okawaru
  4755 | D:6      | Reached XP level 8. HP: 83/91 MP: 8/8
  4792 | D:6      | Reached skill level 9 in Fighting
  4951 | D:6      | HP: 3/92 [electric eel/bolt of electricity (8)]
  4951 | D:6      | Killed from afar by an electric eel

Vault maps used:
D:1:      dpeg_arrival_pond
D:2:      minmay_unequal
D:3:      first_bread
D:4:      gammafunk_temple_overflow_forgotten, temple_green, uniq_robin,
          uniq_duvessa, uniq_eustachio
D:5:      corexii_shack_village, led_sif_pool, lemuel_crystal_altar
D:6:      kennysheep_slugbush, okawaru_gym_becter

Skill      XL: |  1  2  3  4  5  6  7  8 |
---------------+-------------------------+-----
Fighting       | 3 4 5 6 7 8 9 |  9.2
Maces & Flails | 1 3 4 5 7 |  7.9
Throwing       | |  4.0
Dodging        | |  1.7
Stealth        | |  0.7

Action                   |  1- 3 |  4- 6 |  7- 9 || total
-------------------------+-------+-------+-------++-------
Melee: Short sword       |    42 |       |       ||    42
       Club              |    84 |    75 |       ||   159
       Flail             |       |    84 |   141 ||   225
Throw: Large rock        |    10 |     7 |     9 ||    26
       Throwing net      |       |     1 |     2 ||     3
Evoke: Club              |       |       |     1 ||     1
  Use: Scroll            |     8 |     2 |     5 ||    15
       Potion            |       |     1 |     1 ||     2
 Stab: Sleeping          |     2 |     2 |     6 ||    10
       Distracted        |     1 |       |     1 ||     2
  Eat: Chunk             |     3 |     5 |     4 ||    12
       Beef jerky        |       |       |     1 ||     1
Armor: Robe              |    65 |    71 |    75 ||   211
Dodge: Dodged            |   100 |    88 |    75 ||   263
